 Dungeon Crawl Stone Soup version 0.28-a0-1506-g3893175d92 (webtiles) character file.

Game seed: 16222107545997276978

341 lonewolfV2 the Ducker (level 6, -1/59 HPs)
             Began as a Troll Fighter on Jan 13, 2022.
             Slain by a hobgoblin (3 damage)
             ... on level 4 of the Dungeon.
             The game lasted 00:08:04 (1964 turns).

lonewolfV2 the Ducker (Troll Fighter)               Turns: 1964, Time: 00:08:04

Health: -1/59      AC:  4    Str: 27    XL:     6   Next: 30%
Magic:  5/5        EV:  9    Int:  4    God:
Gold:   65         SH:  7    Dex:  9    Spells: 5/5 levels left

rFire   . . .      SeeInvis .     - Unarmed
rCold   . . .      Faith    .   c - +0 kite shield
rNeg    . . .      Spirit   .   b - +0 robe
rPois   .          Reflect  .   (helmet restricted)
rElec   .          Harm     .   (no cloak)
rCorr   .          Rampage  .   (gloves unavailable)
Will    .....                   (boots unavailable)
Stlth   +.........              (no amulet)
HPRegen 0.99/turn               (no ring)
MPRegen 0.09/turn               (no ring)

@: no status effects
A: large, unfitting armour, claws 3, regeneration 1, shaggy fur 1, tough skin 1
a: no special abilities


You were on level 4 of the Dungeon.
You visited 1 branch of the dungeon, and saw 4 of its levels.

You collected 65 gold pieces.

Inventory:

Armour
 b - a +0 robe (worn)
 c - a +0 kite shield (worn)
Jewellery
 e - a ring of wizardry
Wands
 j - a wand of mindburst (2) (quivered)
Scrolls
 g - a scroll of blinking
 i - 2 scrolls of identify


   Skills:
 + Level 2.8 Fighting
 + Level 2.1 Maces & Flails
 + Level 3.6 Dodging
 + Level 0.6 Stealth
 + Level 3.5 Shields
 + Level 3.3 Unarmed Combat


You had 5 spell levels left.
You didn't know any spells.
Your spell library contained the following spells:

 Spells                   Type           Power      Damage    Failure   Level
 Animate Skeleton         Necr           0%         N/A       80%         1
 Pain                     Necr           0%         1d4       80%         1
 Slow                     Hex            0%         N/A       80%         1
 Confusing Touch          Hex            0%         N/A       99%         3
 Vampiric Draining        Necr           0%         2d6       99%         3


Dungeon Overview and Level Annotations

Branches:
Dungeon (4/15)
 Temple: D:4-7

Altars:
Elyvilon
Okawaru
Ru

Shops:
D:3 *


Innate Abilities, Weirdness & Mutations

You are too large for most types of armour.
You have claws for hands.
Your natural rate of healing is unusually fast.
You are covered in fur. (AC +1)
You have tough skin. (AC +1)


Message History

The hobgoblin hits you. You block the hobgoblin's attack.
The black bear bites you.
The black bear claws you but does no damage.
You block the black bear's attack.
You scratch the black bear.
The black bear is almost dead.
The hobgoblin hits you. You block the hobgoblin's attack.
The black bear bites you. You block the black bear's attack.
The black bear misses you.
You claw the black bear!
You kill the black bear!
The hobgoblin hits you but does no damage. x2
You block the iguana's attack. The hobgoblin barely misses you. x2
You have reached level 6!
You feel stronger.
You closely miss the iguana. The iguana bites you!
* * * LOW HITPOINT WARNING * * *
The hobgoblin misses you. You block the hobgoblin's attack.
You claw the iguana!
The iguana is heavily wounded.
The iguana misses you. You block the hobgoblin's attack.
The hobgoblin closely misses you.
You scratch the iguana.
The iguana is severely wounded.
The iguana bites you but does no damage.
The hobgoblin hits you but does no damage.
The hobgoblin hits you.
* * * LOW HITPOINT WARNING * * *
You barely miss the iguana.
The iguana is severely wounded.
The iguana bites you.
* * * LOW HITPOINT WARNING * * *
The hobgoblin hits you but does no damage.
The hobgoblin closely misses you.
You scratch the iguana but do no damage.
The iguana is severely wounded.
The iguana bites you!
* * * LOW HITPOINT WARNING * * *
The hobgoblin hits you.
You die...

**** *,* *****.......,,,,,, ,,,**
*,***,,,,.......,,,,,, ,,,,**
***,**,,**,.$.....,,,,*, ,,,,,*
*,,,**,***,.......,,,,*, ,,,,,*
***,**,,,* **.......,,*,,,
,,>,,***,,,**,*** *$......,,,,,,
,,,,,**,,***,,######.......,,,,,,
,,,,,*,,** *,*#.gg.........,,,,,,
,,,,,*,****#,*#.@l!........*,<,,,
,,,,,,,,,,,..##..##...#.###*,,,,,
,,,,,*,****...........#.##**,,,,,
,,,,,*,*,,...#..##.......##.,,,,,
,,,,,,,*,.......#....##.....,,,,,
,,,,,,,*,..........#.#.....#,,,,,
,,,,,,,,,...................,,,,,
,,,,,,,,,,........[....#####*****
,,,,,,,,,,,........#.#.#


You could see an iguana and 2 hobgoblins.

Vanquished Creatures
  A black bear (D:4)
  A centaur (D:4)
  An orc priest (D:3)
  A hound (D:4)
  2 orc wizards (D:3)
  3 adders
  A worm (D:2)
  2 dart slugs (D:1)
  2 orcs (D:3)
  9 ball pythons
  A bat (D:1)
  7 endoplasms
  2 giant cockroaches
  5 goblins
  4 hobgoblins
  2 frilled lizards
  7 kobolds
  4 rats
55 creatures vanquished.

Vanquished Creatures (others)
  An orc wizard (D:3)
1 creature vanquished.

Grand Total: 56 creatures vanquished

Notes
Turn   | Place    | Note
-------+----------+-------------------------------------------
     0 | D:1      | lonewolfV2 the Troll Fighter began the quest for the Orb.
     0 | D:1      | Reached XP level 1. HP: 22/22 MP: 0/0
   110 | D:1      | Reached XP level 2. HP: 27/29 MP: 1/1
   523 | D:2      | Reached XP level 3. HP: 36/36 MP: 2/2
   644 | D:2      | Found a faded altar of an unknown god.
   914 | D:2      | Reached skill level 1 in Unarmed Combat
  1070 | D:3      | Reached XP level 4. HP: 44/44 MP: 3/3
  1072 | D:3      | Found an iron altar of Okawaru.
  1286 | D:3      | Found a white marble altar of Elyvilon.
  1323 | D:3      | Found Kimuotydu's General Store.
  1370 | D:3      | Reached XP level 5. HP: 50/50 MP: 4/4
  1676 | D:3      | Found a sacrificial altar of Ru.
  1842 | D:4      | Noticed a centaur
  1860 | D:4      | Killed a centaur
  1937 | D:4      | Noticed a black bear
  1959 | D:4      | Killed a black bear
  1960 | D:4      | Reached XP level 6. HP: 22/59 MP: 5/5
  1964 | D:4      | HP: 2/59 [iguana (11)]
  1964 | D:4      | Slain by a hobgoblin

Illustrated notes

Levels and vault maps discovered:
D:1:      wander_arrival_desolate, layout_rooms
D:2:      layout_basic, hellmonk_ecumenical_altar_crossroads,
          nicolae_figureground_pulse
D:3:      layout_loops_ring, mainiacjoe_overflow_alcove_2,
          mainiacjoe_overflow_alcove_4, mainiacjoe_overflow_tiny_flanked,
          serial_shops, nicolae_shop_temple_entry_statues_fountains
D:4:      layout_rooms, mainiacjoe_overflow_catwalk, uniq_grinder

Skill      XL: |  1  2  3  4  5 |
---------------+----------------+-----
Maces & Flails | 2 |  2.1
Dodging        | 3 |  3.6
Unarmed Combat | 1 2 3 |  3.3
Shields        | 3 |  3.5
Fighting       | |  2.8
Stealth        | |  0.6

Action                   |  1- 3 |  4- 6 || total
-------------------------+-------+-------++-------
Melee: Flail             |    16 |       ||    16
       Unarmed           |    96 |    76 ||   172
  Use: Scroll            |     4 |     1 ||     5
       Potion            |       |     3 ||     3
Armor: Robe              |    47 |    33 ||    80
       Skin              |       |     9 ||     9
Dodge: Dodged            |    43 |    44 ||    87
Block: Kite shield       |    46 |    41 ||    87

Table legend: (Time is in decaauts)
 A = Elapsed time spent in this place.
 B = Non-inter-level travel time spent in this place.
 C = Inter-level travel time spent in this place.
 D = Time resting spent in this place.
 E = Time spent auto-exploring this place.
 F = Levels seen in this place.
 G = Mean time per level.
                   A        B        C        D        E       F      G
               +--------+--------+--------+--------+--------+-----+--------+
         Total |   1978 |   1919 |     59 |     48 |   1192 |   4 |  494.5 |
       Dungeon |   1978 |   1919 |     59 |     48 |   1192 |   4 |  494.5 |
               +--------+--------+--------+--------+--------+-----+--------+

Top non-repeatable levels by time:
     D:3: 762 daAuts
     D:2: 534 daAuts
     D:1: 534 daAuts
     D:4: 146 daAuts
